 Dungeon Crawl Stone Soup version 0.28-a0-479-g5baa6b73be (webtiles) character file.

Game seed: 3123318676211301439

3324 Conn the Arsonist (level 10, -24/60 HPs)
             Began as an Octopode Fire Elementalist on Sept 19, 2021.
             Was an Initiate of Sif Muna.
             Annihilated by a two-headed ogre (25 damage)
             ... on level 9 of the Dungeon.
             The game lasted 00:32:37 (10291 turns).

Conn the Arsonist (Octopode Fire Elementalist)     Turns: 10291, Time: 00:32:38

Health: -24/60     AC:  1    Str:  7    XL:     10   Next: 2%
Magic:  14/27      EV: 14    Int: 28    God:    Sif Muna [......]
Gold:   400        SH:  5    Dex: 12    Spells: 9/20 levels left

rFire   . . .      SeeInvis .   I - +2 short sword (protect)
rCold   + . .      Faith    .   (no shield)
rNeg    . . .      Spirit   .   (helmet restricted)
rPois   .          Reflect  +   c - amulet of reflection
rElec   .          Harm     .   d - +6 ring of intelligence
rCorr   .          Rampage  .   y - ring of protection from cold
Will    .....                   E - ring of magical power
Stlth   ++++......              (no ring)
HPRegen 0.20/turn               (no ring)
MPRegen 0.20/turn               (no ring)
                                (no ring)
                                (no ring)

@: about to teleport, very slightly contaminated
A: almost no armour, amphibious, 8 rings, camouflage 1, gelatinous body 1,
(nimble swimmer 1), tentacles
a: Renounce Religion


You were on level 9 of the Dungeon.
You worshipped Sif Muna.
Sif Muna was noncommittal.
You visited 2 branches of the dungeon, and saw 10 of its levels.

You collected 400 gold pieces.

Inventory:

Hand Weapons
 s - a +0 dagger
 x - a +0 dagger of freezing
 B - a +2 short sword of venom
 I - a +2 short sword of protection (weapon)
Missiles
 D - a curare-tipped dart
Jewellery
 a - an amulet of faith
 c - an amulet of reflection (around mantle)
 d - a +6 ring of intelligence (left tentacle)
 y - a ring of protection from cold (right tentacle)
 E - a ring of magical power (on tentacle)
 H - an amulet of magic regeneration
Wands
 J - a wand of flame (35)
Scrolls
 b - a scroll of enchant weapon
 g - a scroll of brand weapon {unknown}
 i - 2 scrolls of enchant armour
 k - 6 scrolls of identify {unknown}
 n - a scroll of fog {unknown}
 p - 3 scrolls of immolation {unknown}
 t - a scroll of torment {unknown}
 u - a scroll of blinking {unknown}
 w - a scroll of silence {unknown}
 A - 2 scrolls of fear {unknown}
 C - a scroll of noise {unknown}
Potions
 e - a potion of attraction {unknown}
 f - a potion of might {unknown}
 h - a potion of mutation {unknown}
 j - 2 potions of ambrosia {unknown}
 l - a potion of invisibility
 m - 4 potions of flight {unknown}
 o - a potion of cancellation {unknown}
 q - 4 potions of curing
 r - 2 potions of haste {unknown}
 z - 2 potions of heal wounds {unknown}
 F - a potion of resistance {unknown}
 G - a potion of degeneration {unknown}


   Skills:
 + Level 2.2 Fighting
 + Level 1.9 Short Blades
 + Level 3.4 Dodging
 + Level 4.9 Stealth
 + Level 1.0 Shields
 - Level 0.1 Unarmed Combat
 + Level 5.9 Spellcasting
 * Level 7.4 Conjurations
 - Level 2.0 Hexes
 * Level 8.4 Fire Magic


You had 9 spell levels left.
You knew the following spells:

 Your Spells              Type           Power      Damage    Failure   Level
a - Foxfire               Conj/Fire      100%       2x1d9     1%          1
b - Conjure Flame         Conj/Fire      52%        6-21      1%          3
c - Inner Flame           Hex/Fire       37%        N/A       2%          3
d - Flame Wave            Conj/Fire      52%        3d10      2%          4

Your spell library contained the following spells:

 Spells                   Type           Power      Damage    Failure   Level
 Scorch                   Fire           100%       2d10      1%          2
 Slow                     Hex            19%        N/A       4%          2
 Confusing Touch          Hex            19%        N/A       9%          3
 Cause Fear               Hex            9%         N/A       26%         4
 Lightning Bolt           Conj/Air       14%        1d28      36%         5
 Airstrike                Air            4%         N/A       52%         4
 Summon Lightning Spire   Summ/Air       8%         N/A       52%         4
 Yara's Violent Unravell  Hex/Tmut       6%         3d5       75%         5
 Dragon Form              Tmut           4%         N/A       100%        7
 Dragon's Call            Summ           4%         N/A       100%        9


Dungeon Overview and Level Annotations

Branches:
Dungeon (9/15)             Temple (1/1) D:7            Lair (0/6) D:9
    Orc: D:9-12

Altars:
Ashenzari
Cheibriados
Dithmenos
Fedhas
Gozag
Hepliaklqana
Kikubaaqudgha
Okawaru
Sif Muna
Vehumet
Xom
Yredelemnul
Zin
The Shining One


Innate Abilities, Weirdness & Mutations

You cannot wear most types of armour.
You are amphibious.
You can wear up to eight rings at the same time.
Your skin changes colour to match your surroundings (Stealth+).
Your rubbery body absorbs attacks. (AC +1, EV +1)
((You are camouflaged near water. (Stealth+)))
You have tentacles for arms and can constrict up to eight enemies at once.


Message History

You flicker back into view.
The foxfire hits the two-headed ogre.
The two-headed ogre is lightly wounded.
The foxfire hits the two-headed ogre.
The two-headed ogre is lightly wounded.
Casting: Foxfire (safe; 1% risk of failure)
Confirm with . or Enter, or press ? or * to list all spells.
Aiming: Inner Flame (dangerous; 2% risk of failure)
Press: ? - help, Shift-Dir - straight line, f - two-headed ogre
Aim: a two-headed ogre, wielding two +0 giant clubs (lightly wounded, ally target, chance to affect: 77%)
Okay, then.
Unknown command.
As you read the scroll of teleportation, it crumbles to dust.
You feel strangely unstable.
The foxfire hits the two-headed ogre.
The two-headed ogre is lightly wounded.
The foxfire hits the two-headed ogre.
The two-headed ogre is moderately wounded.
Unknown command.
Casting: Inner Flame (dangerous; 2% risk of failure)
Confirm with . or Enter, or press ? or * to list all spells.
Casting: Flame Wave (dangerous; 2% risk of failure)
Press: ? - help, Dir - look around, f - activate A wave of flame ripples out! (Press . to intensify the flame waves.) Unknown command.
A wave of flame ripples out!
The flame wave engulfs the two-headed ogre!
The two-headed ogre is moderately wounded.
The two-headed ogre hits you with a +0 giant club!!
* * * LOW HITPOINT WARNING * * *
You block the two-headed ogre's attack.
A wave of flame ripples out!
The flame wave engulfs the two-headed ogre!
The two-headed ogre is severely wounded.
The flame wave engulfs the wight!
You destroy the wight!
Sif Muna accepts your kill.
You finish channelling waves of flame.
The two-headed ogre hits you with a +0 giant club!!
You die...

########
##......##
##........##
#..........#
#..........#
#..........#
#.O.§......#
#@§.☼......#
##§§☼.....##
...z......
..).....
......>.
........
....c....#
..........
.........


You could see a two-headed ogre, a centaur and a wight.

Vanquished Creatures
  A meliai zombie (D:6)
  A shadow (D:9)
  A wyvern (D:8)
  Menkaure (D:6)
  2 orc warriors
  2 black bears
  An ice beast (D:6)
  3 ogres
  2 necrophages
  3 centaurs
  A phantom (D:5)
  3 kobold brigands
  2 bullfrogs (D:7)
  A scorpion (D:5)
  A water moccasin skeleton (D:6)
  5 killer bees
  2 wights (D:9)
  5 jellies
  A centaur zombie (D:5)
  A centaur skeleton (D:4)
  2 orc priests
  A gnoll shaman (D:8)
  6 iguanas
  3 orc wizards
  A hound skeleton (D:5)
  A howler monkey zombie (D:7)
  5 gnolls
  8 adders
  3 shadow imps
  An ufetubus (D:6)
  2 adder skeletons (D:4)
  2 worms
  5 dart slugs
  18 orcs
  6 ball pythons
  5 endoplasms
  A giant cockroach (D:3)
  6 goblins
  4 hobgoblins
  8 jackals
  11 kobolds
  4 quokkas
  5 bats
  A frilled lizard (D:2)
  A quokka skeleton (D:4)
  4 rats
153 creatures vanquished.

Vanquished Creatures (others)
  561 foxfires
561 creatures vanquished.

Grand Total: 714 creatures vanquished

Notes
Turn   | Place    | Note
-------+----------+-------------------------------------------
     0 | D:1      | Conn the Octopode Fire Elementalist began the quest for the
                  | Orb.
     0 | D:1      | Reached XP level 1. HP: 11/11 MP: 3/3
   375 | D:1      | Reached XP level 2. HP: 12/17 MP: 0/5
   834 | D:1      | Found a faded altar of an unknown god.
  1279 | D:2      | Reached XP level 3. HP: 21/21 MP: 4/6
  1810 | D:2      | Learned a level 3 spell: Conjure Flame
  1814 | D:2      | Learned a level 3 spell: Inner Flame
  1954 | D:2      | Reached XP level 4. HP: 27/27 MP: 5/8
  2029 | D:2      | Reached skill level 1 in Hexes
  3070 | D:4      | Reached XP level 5. HP: 27/31 MP: 5/9
  3336 | D:4      | Reached skill level 4 in Fire Magic
  3776 | D:4      | Reached XP level 6. HP: 13/36 MP: 0/10
  4623 | D:5      | Entered Level 5 of the Dungeon
  4722 | D:5      | Reached XP level 7. HP: 41/41 MP: 4/12
  4817 | D:5      | Reached skill level 5 in Fire Magic
  4922 | D:5      | Learned a level 4 spell: Flame Wave
  5523 | D:5      | Reached XP level 8. HP: 40/46 MP: 7/14
  5680 | D:5      | Reached skill level 6 in Fire Magic
  6035 | D:5      | Reached skill level 5 in Conjurations
  6317 | D:6      | Noticed Menkaure
  6332 | D:6      | Killed Menkaure
  6620 | D:6      | Reached skill level 7 in Fire Magic
  6812 | D:6      | Reached skill level 5 in Spellcasting
  6812 | D:6      | Reached XP level 9. HP: 13/52 MP: 7/16
  7189 | D:6      | Reached skill level 1 in Fighting
  8376 | D:7      | Reached skill level 8 in Fire Magic
  8386 | D:7      | Reached skill level 1 in Short Blades
  8919 | D:7      | Found a staircase to the Ecumenical Temple.
  8931 | Temple   | Entered the Ecumenical Temple
  8969 | Temple   | Became a worshipper of Sif Muna the Loreminder
  9720 | D:8      | Reached skill level 1 in Shields
 10251 | D:9      | Noticed a two-headed ogre
 10251 | D:9      | Found a staircase to the Lair.
 10287 | D:9      | Reached XP level 10. HP: 19/60 MP: 18/18
 10290 | D:9      | HP: 1/60 [two-headed ogre (19)]
 10291 | D:9      | Annihilated by a two-headed ogre

Illustrated notes

Levels and vault maps discovered:
D:1:      minmay_arrival_semitransparent, layout_loops_corners,
          shapermc_ecumenical_altar_starsandcircs, minmay_misc_feat_hallway
D:2:      layout_basic
D:3:      layout_basic
D:4:      layout_basic, minmay_distorted
D:5:      layout_loops_cross, minivault_1
D:6:      layout_basic, uniq_menkaure
D:7:      layout_gridville, minmay_temple_entry_butterflies,
          hangedman_minor_gate_pass
D:8:      cheibrodos_two_vegetables, layout_basic
D:9:      layout_rooms, lair_entry_dummy
Temple:   nicolae_temple_the_god_donut

Skill      XL: |  1  2  3  4  5  6  7  8  9 |
---------------+----------------------------+-----
Stealth        | 3 4 |  4.9
Hexes          | 1 2 |  2.0
Spellcasting   | 3 4 5 |  5.9
Fire Magic     | 4 5 7 8 |  8.4
Conjurations   | 2 3 4 6 7 |  7.4
Fighting       | 2 |  2.2
Dodging        | 3 |  3.4
Short Blades   | 1 |  1.9
Shields        | 1 |  1.0
Unarmed Combat | |  0.1

Action                   |  1- 3 |  4- 6 |  7- 9 | 10-12 || total
-------------------------+-------+-------+-------+-------++-------
Melee: Unarmed           |    20 |    26 |       |       ||    46
       Constrict         |    10 |     8 |    12 |       ||    30
       Tentacles         |     3 |     7 |    12 |       ||    22
       Dagger            |       |    13 |     7 |       ||    20
       Short sword       |       |       |    61 |       ||    61
 Cast: Foxfire           |    58 |   104 |   184 |     1 ||   347
       Inner Flame       |       |     2 |    14 |       ||    16
       Conjure Flame     |       |       |     5 |       ||     5
       Flame Wave        |       |       |     2 |     1 ||     3
  Use: Scroll            |     2 |       |     4 |     1 ||     7
       Potion            |       |     1 |     4 |       ||     5
 Stab: Sleeping          |       |       |     7 |       ||     7
Armor: Skin              |     4 |     1 |    10 |       ||    15
Dodge: Dodged            |    32 |    24 |    69 |       ||   125
Block: Other             |     5 |    10 |    22 |     1 ||    38
       Reflection        |       |       |     1 |       ||     1

Table legend: (Time is in decaauts)
 A = Elapsed time spent in this place.
 B = Non-inter-level travel time spent in this place.
 C = Inter-level travel time spent in this place.
 D = Time resting spent in this place.
 E = Time spent auto-exploring this place.
 F = Levels seen in this place.
 G = Mean time per level.
                   A        B        C        D        E       F      G
               +--------+--------+--------+--------+--------+-----+--------+
         Total |  10290 |  10194 |     96 |    945 |   7311 |  10 | 1029.0 |
       Dungeon |  10228 |  10142 |     86 |    945 |   7311 |   9 | 1136.4 |
        Temple |     61 |     51 |     10 |      0 |      0 |   1 |   61.0 |
               +--------+--------+--------+--------+--------+-----+--------+

Top non-repeatable levels by time:
     D:6: 1931 daAuts
     D:5: 1670 daAuts
     D:4: 1561 daAuts
     D:1: 1256 daAuts
     D:7: 1198 daAuts
     D:2: 1048 daAuts
     D:8: 768 daAuts
     D:3: 753 daAuts
  Temple: 61 daAuts
     D:9: 39 daAuts
